| TOP OF THE 1ST |
|
Charlotte Knights batting - Pitching for Toledo Mud Hens : LHP Jesse Turner
|
|
Pitching: LHP Jesse Turner
|
|
|
Batting: RHB Jeremy Hoffert
|
0-0: Ball 1-0: Foul Ball, location: 2F 1-1: Ground out 6-3 (Groundball, 6, EV 88.1 MPH)
|
|
Batting: RHB Mark Jones
|
0-0: Ground out 6-3 (Groundball, 56, EV 83.1 MPH)
|
|
Batting: LHB Justin Stickney
|
0-0: Called Strike 0-1: Fly out, F7 (Flyball, 7, EV 95.0 MPH)
|
| Top of the 1st over - 0 runs, 0 hits, 0 errors, 0 left on base; Charlotte 0 - Toledo 0 |
| BOTTOM OF THE 1ST |
|
Toledo Mud Hens batting - Pitching for Charlotte Knights : RHP Nick Butler
|
|
Pitching: RHP Nick Butler
|
|
|
Batting: RHB Sam Saunders
|
0-0: Swinging Strike 0-1: Ground out 4-3 (Groundball, 34, EV 105.6 MPH)
|
|
Batting: RHB Willis Morales
|
0-0: Fly out, F5 (Line Drive, 5L, EV 62.5 MPH)
|
|
Batting: RHB Michel Martineau
|
0-0: SINGLE (Flyball, 34D, EV 91.2 MPH)
|
|
Batting: RHB Trevor Mock
|
0-0: Ball Michel Martineau is caught stealing 2nd base 2-4
|
| Bottom of the 1st over - 0 runs, 1 hit, 0 errors, 0 left on base; Charlotte 0 - Toledo 0 |
| TOP OF THE 2ND |
|
Charlotte Knights batting - Pitching for Toledo Mud Hens : LHP Jesse Turner
|
|
Batting: RHB Micah Brown
|
0-0: Ground out 6-3 (Groundball, 6, EV 99.4 MPH)
|
|
Batting: RHB Kikuo Sato
|
0-0: Called Strike 0-1: Swinging Strike 0-2: Ball 1-2: Strikes out swinging
|
|
Batting: RHB Steve Waltenbery
|
0-0: Foul Ball, location: 2F 0-1: Ball 1-1: Swinging Strike 1-2: Strikes out swinging
|
| Top of the 2nd over - 0 runs, 0 hits, 0 errors, 0 left on base; Charlotte 0 - Toledo 0 |
| BOTTOM OF THE 2ND |
|
Toledo Mud Hens batting - Pitching for Charlotte Knights : RHP Nick Butler
|
|
Batting: RHB Trevor Mock
|
0-0: Ball 1-0: Called Strike 1-1: Foul Ball, location: 2F 1-2: Foul Ball, location: 2F 1-2: Ball 2-2: SINGLE (Flyball, 4MD, EV 87.5 MPH)
|
|
Batting: RHB Sergio Zamora
|
0-0: Ball 1-0: Ball 2-0: Fly out, F9 (Flyball, 89S, EV 86.2 MPH)
|
|
Batting: RHB Jerry Jauregui
|
0-0: SINGLE (Groundball, 56D, EV 98.1 MPH) Trevor Mock to second
|
|
Batting: RHB Josh Lyon
|
0-0: Called Strike 0-1: Called Strike 0-2: Foul Ball, location: 2F 0-2: Ball 1-2: Ball 2-2: Ball 3-2: Fly out, F7 (Flyball, 7S, EV 88.1 MPH)
|
|
Batting: RHB Adam MacConnell
|
0-0: Ground out 4-3 (Groundball, 4, EV 88.1 MPH)
|
| Bottom of the 2nd over - 0 runs, 2 hits, 0 errors, 2 left on base; Charlotte 0 - Toledo 0 |
| TOP OF THE 3RD |
|
Charlotte Knights batting - Pitching for Toledo Mud Hens : LHP Jesse Turner
|
|
Batting: LHB John Thurman
|
0-0: Called Strike 0-1: Foul Ball, location: 2F 0-2: Ball 1-2: Ground out U3 (Groundball, 3, EV 89.4 MPH)
|
|
Batting: SHB Olaf Zoeteman
|
0-0: Called Strike 0-1: Ground out U3 (Groundball, 34, EV 106.2 MPH)
|
|
Batting: RHB John Iddings
|
0-0: TRIPLE (Flyball, 89XD, EV 91.2 MPH)
|
|
Batting: RHB Jeremy Hoffert
|
0-0: Ball 1-0: Ball 2-0: Ball 3-0: Swinging Strike 3-1: Base on Balls
|
|
Batting: RHB Mark Jones
|
0-0: Ground out 4-3 (Groundball, 4S, EV 86.2 MPH)
|
| Top of the 3rd over - 0 runs, 1 hit, 0 errors, 2 left on base; Charlotte 0 - Toledo 0 |
| BOTTOM OF THE 3RD |
|
Toledo Mud Hens batting - Pitching for Charlotte Knights : RHP Nick Butler
|
|
Batting: SHB Scott Bartholomew
|
0-0: Ball 1-0: Ball 2-0: Foul Ball, location: 2F 2-1: Called Strike 2-2: Ball 3-2: Foul Ball, location: 2F 3-2: Foul Ball, location: 2F 3-2: Base on Balls
|
|
Batting: RHB Sam Saunders
|
0-0: Called Strike 0-1: Swinging Strike 0-2: Strikes out swinging
|
|
Batting: RHB Willis Morales
|
0-0: Ball 1-0: Called Strike 1-1: Ball 2-1: Foul Ball, location: 2F 2-2: Ball 3-2: Base on Balls Scott Bartholomew to second
|
|
Batting: RHB Michel Martineau
|
0-0: Called Strike 0-1: Foul Ball, location: 2F 0-2: Ball 1-2: Ball 2-2: Foul Ball, location: 2F 2-2: Foul Ball, location: 2F 2-2: Fly out, F9 (Flyball, 9S, EV 89.4 MPH)
|
|
Batting: RHB Trevor Mock
|
0-0: Ball 1-0: Swinging Strike 1-1: Foul Ball, location: 2F 1-2: Fielders Choice at 2nd, 6-4 (Groundball, 6, EV 85.6 MPH)
|
| Bottom of the 3rd over - 0 runs, 0 hits, 0 errors, 2 left on base; Charlotte 0 - Toledo 0 |
| TOP OF THE 4TH |
|
Charlotte Knights batting - Pitching for Toledo Mud Hens : LHP Jesse Turner
|
|
Batting: LHB Justin Stickney
|
0-0: Ball 1-0: Ball 2-0: Ground out 4-3 (Groundball, 4S, EV 85.6 MPH)
|
|
Batting: RHB Micah Brown
|
0-0: Fly out, F7 (Flyball, 7, EV 90.6 MPH)
|
|
Batting: RHB Kikuo Sato
|
0-0: Hit by Pitch
|
|
Batting: RHB Steve Waltenbery
|
0-0: Called Strike 0-1: Swinging Strike 0-2: Ball 1-2: Ball 2-2: Ball 3-2: Fly out, F9 (Flyball, 9D, EV 100.0 MPH)
|
| Top of the 4th over - 0 runs, 0 hits, 0 errors, 1 left on base; Charlotte 0 - Toledo 0 |
| BOTTOM OF THE 4TH |
|
Toledo Mud Hens batting - Pitching for Charlotte Knights : RHP Nick Butler
|
|
Batting: RHB Sergio Zamora
|
0-0: Foul Ball, location: 2F 0-1: Foul Ball, location: 2F 0-2: Foul Ball, location: 2F 0-2: Foul Ball, location: 2F 0-2: Ball 1-2: Ball 2-2: Ball 3-2: Ground out U3 (Groundball, 34, EV 102.5 MPH)
|
|
Batting: RHB Jerry Jauregui
|
0-0: Ball 1-0: Called Strike 1-1: Ball 2-1: Called Strike 2-2: Foul Ball, location: 2F 2-2: Foul Ball, location: 2F 2-2: Ball 3-2: Foul Ball, location: 2F 3-2: SINGLE (Groundball, 56S, EV 74.4 MPH) (infield hit)
|
|
Batting: RHB Josh Lyon
|
0-0: Ball Pickoff Throw to First - Out! 1-3 CS 1-0: Foul Ball, location: 2F 1-1: Ball 2-1: Ball 3-1: Base on Balls
|
|
Batting: RHB Adam MacConnell
|
0-0: Foul Ball, location: 2F 0-1: Fly out, F6 (Flyball, 56D, EV 88.8 MPH)
|
| Bottom of the 4th over - 0 runs, 1 hit, 0 errors, 1 left on base; Charlotte 0 - Toledo 0 |
| TOP OF THE 5TH |
|
Charlotte Knights batting - Pitching for Toledo Mud Hens : LHP Jesse Turner
|
|
Batting: LHB John Thurman
|
0-0: Foul Ball, location: 2F 0-1: Ground out U3 (Groundball, 3L, EV 103.8 MPH)
|
|
Batting: SHB Olaf Zoeteman
|
0-0: Called Strike 0-1: Called Strike 0-2: Ball 1-2: Ball 2-2: Foul Ball, location: 2F 2-2: Strikes out looking
|
|
Batting: RHB John Iddings
|
0-0: Ball 1-0: Called Strike 1-1: Swinging Strike 1-2: Foul Ball, location: 2F 1-2: Strikes out swinging
|
| Top of the 5th over - 0 runs, 0 hits, 0 errors, 0 left on base; Charlotte 0 - Toledo 0 |
| BOTTOM OF THE 5TH |
|
Toledo Mud Hens batting - Pitching for Charlotte Knights : RHP Nick Butler
|
|
Batting: SHB Scott Bartholomew
|
0-0: Called Strike 0-1: SINGLE (Groundball, 34S, EV 65.6 MPH) (infield hit)
|
|
Batting: RHB Sam Saunders
|
0-0: SINGLE (Groundball, 6MD, EV 94.4 MPH) Scott Bartholomew to second
|
|
Batting: RHB Willis Morales
|
0-0: Ball 1-0: Foul Ball, location: 2F 1-1: Ball 2-1: Fly out, F8 (Flyball, 89S, EV 81.2 MPH)
|
|
Batting: RHB Michel Martineau
|
0-0: Ball 1-0: Ball 2-0: Foul Ball, location: 2F 2-1: Ball 3-1: Foul Ball, location: 2F 3-2: Grounds into double play, 3-6-1 (Groundball, 3, EV 106.2 MPH)
|
| Bottom of the 5th over - 0 runs, 2 hits, 0 errors, 1 left on base; Charlotte 0 - Toledo 0 |
| TOP OF THE 6TH |
|
Charlotte Knights batting - Pitching for Toledo Mud Hens : LHP Jesse Turner
|
|
Batting: RHB Jeremy Hoffert
|
0-0: Ball 1-0: Ball 2-0: Ball 3-0: Called Strike 3-1: Called Strike 3-2: Strikes out looking
|
|
Batting: RHB Mark Jones
|
0-0: Called Strike 0-1: Foul Ball, location: 2F 0-2: Ball 1-2: Strikes out swinging
|
|
Batting: LHB Justin Stickney
|
0-0: Called Strike 0-1: Foul Ball, location: 2F 0-2: SINGLE (Groundball, 6D, EV 94.4 MPH)
|
|
Batting: RHB Micah Brown
|
0-0: Called Strike 0-1: Ball 1-1: Ball 2-1: Ball 3-1: Foul Ball, location: 2F 3-2: Foul Ball, location: 2F 3-2: Base on Balls Justin Stickney to second
|
|
Batting: RHB Kikuo Sato
|
0-0: Ball 1-0: Fly out, F9 (Flyball, 9LSF, EV 90.6 MPH)
|
| Top of the 6th over - 0 runs, 1 hit, 0 errors, 2 left on base; Charlotte 0 - Toledo 0 |
| BOTTOM OF THE 6TH |
|
Toledo Mud Hens batting - Pitching for Charlotte Knights : RHP Nick Butler
|
|
Pitching: LHP Silas Chartier
|
|
|
Batting: RHB Trevor Mock
|
0-0: Ball 1-0: Ground out 5-3 (Groundball, 56, EV 86.9 MPH)
|
|
Batting: RHB Sergio Zamora
|
0-0: Swinging Strike 0-1: SOLO HOME RUN (Flyball, 78XD, EV 108.8 MPH), Distance : 406 ft
|
|
Batting: RHB Jerry Jauregui
|
0-0: Called Strike 0-1: Ball 1-1: Foul Ball, location: 2F 1-2: Ball 2-2: Foul Ball, location: 2F 2-2: SINGLE (Groundball, 34D, EV 95.6 MPH)
|
|
Batting: RHB Josh Lyon
|
0-0: Ball 1-0: Ball 2-0: Called Strike 2-1: Ball 3-1: Foul Ball, location: 2F 3-2: Foul Ball, location: 2F 3-2: SINGLE (Groundball, 6S, EV 100.0 MPH) Jerry Jauregui to second
|
|
Batting: RHB Adam MacConnell
|
0-0: Ball 1-0: Ball 2-0: Called Strike 2-1: Ball 3-1: Base on Balls Jerry Jauregui to third Josh Lyon to second
|
|
Batting: SHB Scott Bartholomew
|
0-0: Foul Ball, location: 2F 0-1: Foul Ball, location: 2F 0-2: Strikes out swinging
|
|
Batting: RHB Sam Saunders
|
0-0: Swinging Strike 0-1: Foul Ball, location: 2F 0-2: Fly out, F8 (Flyball, 8RD, EV 106.2 MPH)
|
| Bottom of the 6th over - 1 run, 3 hits, 0 errors, 3 left on base; Charlotte 0 - Toledo 1 |
| TOP OF THE 7TH |
|
Charlotte Knights batting - Pitching for Toledo Mud Hens : LHP Jesse Turner
|
|
Batting: RHB Steve Waltenbery
|
0-0: Ball 1-0: Foul Ball, location: 2F 1-1: Foul Ball, location: 2F 1-2: Foul Ball, location: 2F 1-2: Ball 2-2: Fly out, F8 (Line Drive, 8LD, EV 88.8 MPH)
|
|
Pinch Hitting: RHB Mike Warzecha
|
0-0: Called Strike 0-1: Foul Ball, location: 2F 0-2: Ball 1-2: Foul Ball, location: 2F 1-2: Ball 2-2: Ball 3-2: SINGLE (Groundball, 34D, EV 101.9 MPH)
|
|
Pitching: RHP Ruben Arana
|
|
|
Batting: SHB Olaf Zoeteman
|
0-0: Called Strike 0-1: Ball 1-1: Called Strike 1-2: Reached on error, E4 (Groundball, 4, EV 90.0 MPH) Mike Warzecha to second
|
|
Pinch Hitting: LHB Ricardo Pagan
|
0-0: Ball 1-0: Ball 2-0: Ball 3-0: Swinging Strike 3-1: Swinging Strike 3-2: Strikes out looking
|
|
Batting: RHB Jeremy Hoffert
|
0-0: Called Strike 0-1: Called Strike 0-2: Strikes out swinging
|
| Top of the 7th over - 0 runs, 1 hit, 1 error, 2 left on base; Charlotte 0 - Toledo 1 |
| BOTTOM OF THE 7TH |
|
Toledo Mud Hens batting - Pitching for Charlotte Knights : LHP Silas Chartier
|
|
Pitching: RHP Dicky Goedhart
|
|
|
Now at 3B: Ricardo Pagan
|
|
|
Now in RF: Mike Savage
|
|
|
Batting: RHB Willis Morales
|
0-0: Ball 1-0: Foul Ball, location: 2F 1-1: SINGLE (Groundball, 56S, EV 62.5 MPH) (infield hit)
|
|
Batting: RHB Michel Martineau
|
0-0: Ball 1-0: Ball 2-0: Foul Ball, location: 2F 2-1: Ball Wild Pitch! Willis Morales to second 3-1: Intentional Walk
|
|
Batting: RHB Trevor Mock
|
0-0: Called Strike 0-1: Ball 1-1: Called Strike 1-2: Strikes out swinging
|
|
Batting: RHB Sergio Zamora
|
0-0: Ball 1-0: Foul Ball, location: 2F 1-1: Foul Ball, location: 2F 1-2: Strikes out looking
|
|
Batting: RHB Jerry Jauregui
|
0-0: Fly out, F6 (Line Drive, 56, EV 63.1 MPH)
|
| Bottom of the 7th over - 0 runs, 1 hit, 0 errors, 2 left on base; Charlotte 0 - Toledo 1 |
| TOP OF THE 8TH |
|
Charlotte Knights batting - Pitching for Toledo Mud Hens : RHP Ruben Arana
|
|
Batting: RHB Mark Jones
|
0-0: Called Strike 0-1: Called Strike 0-2: Ball 1-2: Foul Ball, location: 2F 1-2: Ball 2-2: Foul Ball, location: 2F 2-2: SINGLE (Line Drive, 8RS, EV 107.5 MPH)
|
|
Pinch Runner at 1st Dunlang Clark:
|
|
|
Batting: LHB Justin Stickney
|
0-0: Foul Ball, location: 2F 0-1: Called Strike 0-2: Grounds into double play, 5-6-3 (Groundball, 6, EV 100.6 MPH)
|
|
Batting: RHB Micah Brown
|
0-0: Ball 1-0: Ball 2-0: Foul Ball, location: 2F 2-1: Ground out 5-3 (Groundball, 5, EV 86.9 MPH)
|
| Top of the 8th over - 0 runs, 1 hit, 0 errors, 0 left on base; Charlotte 0 - Toledo 1 |
| BOTTOM OF THE 8TH |
|
Toledo Mud Hens batting - Pitching for Charlotte Knights : RHP Dicky Goedhart
|
|
Batting: RHB Josh Lyon
|
0-0: Called Strike 0-1: Foul Ball, location: 2F 0-2: Foul Ball, location: 2F 0-2: SINGLE (Groundball, 56D, EV 105.6 MPH)
|
|
Batting: RHB Adam MacConnell
|
0-0: Called Strike 0-1: Foul Ball, location: 2F 0-2: Strikes out swinging
|
|
Batting: SHB Scott Bartholomew
|
0-0: Called Strike 0-1: Swinging Strike 0-2: Strikes out swinging
|
|
Batting: RHB Sam Saunders
|
0-0: Ball 1-0: Ball 2-0: Swinging Strike 2-1: Ball 3-1: Base on Balls Josh Lyon to second
|
|
Pitching: RHP Chris Worster
|
|
|
Batting: RHB Willis Morales
|
0-0: SINGLE (Groundball, 34D, EV 100.0 MPH) Josh Lyon to third Sam Saunders to second Runner from 3rd tries for Home, SAFE, throw by RF to home
|
|
Batting: RHB Michel Martineau
|
0-0: Foul Ball, location: 2F 0-1: Ball 1-1: Ground out 3-1 (Groundball, 34, EV 80.6 MPH)
|
| Bottom of the 8th over - 1 run, 2 hits, 0 errors, 2 left on base; Charlotte 0 - Toledo 2 |
| TOP OF THE 9TH |
|
Charlotte Knights batting - Pitching for Toledo Mud Hens : RHP Ruben Arana
|
|
Pitching: RHP John Evancho
|
|
|
Batting: RHB Kikuo Sato
|
0-0: Fly out, F9 (Flyball, 89M, EV 82.5 MPH)
|
|
Pinch Hitting: LHB Adam Tarbutton
|
0-0: Ball 1-0: Ball 2-0: Ball 3-0: Base on Balls
|
|
Batting: RHB Mike Savage
|
0-0: Called Strike 0-1: Foul Ball, location: 2F 0-2: Foul Ball, location: 2F 0-2: Strikes out swinging
|
|
Batting: SHB Olaf Zoeteman
|
0-0: SINGLE (Groundball, 34D, EV 105.0 MPH) Adam Tarbutton to second
|
|
Batting: LHB Ricardo Pagan
|
0-0: Called Strike 0-1: Swinging Strike 0-2: Ball 1-2: Ball 2-2: Foul Ball, location: 2F 2-2: Strikes out swinging
|
| Top of the 9th over - 0 runs, 1 hit, 0 errors, 2 left on base; Charlotte 0 - Toledo 2 |
|